Map: Heavy Artillery LE

Players

Nigrnog - Winner!

  • Race: Zerg Zerg
  • League: Silver
  • Spawn Location: 3:00

MooEsqoo - Winner!

  • Race: Zerg Zerg
  • Spawn Location: 1:00

govnishka

  • Race: Protoss Protoss
  • Spawn Location: 7:00

YOUNG

  • Race: Zerg Zerg
  • Spawn Location: 7:00

VOD

Have the link to the VOD?

Description

Time

  • Played on: Dec. 30, 2019, 4:40 a.m.
  • Length: 13:59
Show
View Real Time Build Order
Export as new Build Order

Nigrnog Zerg - Winner!

Build Orders: Pool First, Brood Lord Corruptor, Muta Ling Bane 

Get SALT Encoding   

  12  0:02  Drone  
  13  0:12  Overlord  
  13  0:17  Drone  
  14  0:34  Spawning Pool  
  13  0:38  Drone  
  14  0:48  Drone  
  14  0:49  Drone  
  16  0:52  Drone  
  16  0:54  Extractor  
  16  1:00  Drone  
  17  1:11  Drone  
  18  1:22  Zergling x2, Queen  
  21  1:32  Overlord  
  21  1:48  Zergling x2  
  22  2:07  Drone x2  
  24  2:33  Hatchery  
  24  2:34  Hatchery  
  22  2:42  Lair  
  22  2:43  Metabolic Boost  
  22  3:09  Extractor  
  21  3:13  Drone x3  
  21  3:14  Drone x5  
  29  3:22  Drone  
  30  3:47  Overlord  
  30  3:49  Queen  
  30  3:51  Queen  
  30  3:52  Overlord  
  34  3:59  Overlord x2  
  34  4:09  Spire  
  33  4:15  Drone  
  34  4:26  Drone x4, Infestation Pit  
  37  4:35  Drone x3  
  40  4:41  Drone x2  
  40  4:43  Spore Crawler  
  41  4:47  Spore Crawler  
  40  5:02  Drone x2  
  40  5:05  Drone  
  40  5:06  Drone x4  
  47  5:15  Extractor  
  47  5:17  Extractor  
  47  5:21  Corruptor x2  
  45  5:24  Drone  
  45  5:25  Drone  
  45  5:28  Drone x2  
  53  5:29  Drone  
  53  5:35  Drone x3  
  57  5:53  Zerg Flyer Weapons Level 1  
  57  5:56  Mutalisk, Spore Crawler  
  58  5:57  Mutalisk  
  58  6:04  Hydralisk Den  
  59  6:11  Drone x6  
  61  6:12  Drone  
  61  6:13  Evolution Chamber  
  65  6:18  Hive  
  65  6:33  Hatchery  
  64  6:40  Drone x2  
  64  6:46  Overlord  
  66  6:49  Hatchery  
  65  7:02  Queen  
  65  7:03  Baneling Nest  
  65  7:04  Drone x5  
  65  7:05  Drone  
  65  7:07  Spore Crawler  
  71  7:09  Grooved Spines  
  71  7:27  Extractor  
  71  7:28  Extractor  
  69  7:30  Queen  
  69  7:31  Corruptor  
  69  7:34  Overlord, Zergling x2  
  69  7:35  Overlord x4  
  74  7:46  Centrifical Hooks  
  74  7:48  Greater Spire  
  74  7:50  Corruptor x3  
  80  7:54  Corruptor  
  82  8:00  Drone x2  
  82  8:03  Drone  
  85  8:06  Pneumatized Carapace  
  85  8:16  Queen  
  85  8:18  Queen  
  85  8:19  Queen, Drone  
  92  8:20  Drone x5, Muscular Augments  
  97  8:32  Corruptor x2  
  101  8:40  Overlord  
  101  8:41  Overlord x2  
  101  8:44  Drone x2  
  101  8:45  Drone x2  
  105  8:56  Drone x2  
  105  8:59  Drone x2  
  105  9:00  Drone  
  110  9:03  Drone x2  
  110  9:04  Drone x5  
  117  9:18  Brood Lord x4  
  117  9:22  Brood Lord  
  127  9:25  Overlord  
  127  9:32  Drone  
  127  9:33  Drone x5  
  127  9:34  Drone  
  127  9:35  Overlord  
  127  9:37  Overlord  
  134  9:44  Spore Crawler  
  134  9:45  Spore Crawler  
  132  9:47  Spore Crawler x2  
  132  9:51  Overlord x2  
  130  9:53  Zergling x4  
  130  9:56  Corruptor  
  134  10:03  Brood Lord x2  
  138  10:08  Corruptor  
  140  10:18  Corruptor x3  
  140  10:19  Corruptor  
  148  10:22  Corruptor  
  148  10:24  Corruptor  
  152  10:40  Corruptor x2  
  152  10:41  Mutalisk, Corruptor x3  
  164  10:48  Brood Lord  
  166  10:58  Brood Lord  
  166  11:02  Extractor  
  166  11:04  Extractor  
  166  11:05  Extractor  
  166  11:08  Extractor  
  157  11:43  Overlord x6  
  157  11:44  Overlord x2  
  153  12:00  Overlord  
  153  12:01  Overlord x7  
  153  12:12  Drone x4  
  153  12:13  Drone x3  
  156  12:34  Brood Lord x3  
  156  12:35  Brood Lord x6  
  156  12:36  Corruptor x3  
  172  13:01  Corruptor  
  172  13:02  Corruptor x5  
  184  13:15  Corruptor x3  
Show
View Real Time Build Order
Export as new Build Order

MooEsqoo Zerg - Winner!

Build Orders: Hatch First 

Get SALT Encoding   

  12  0:08  Drone  
  12  0:13  Overlord  
  13  0:19  Drone  
  14  0:36  Drone  
  14  0:37  Drone  
  16  0:48  Drone  
  17  0:59  Hatchery  
  17  1:04  Drone x2  
  18  1:15  Drone  
  19  1:20  Extractor  
  18  1:26  Drone  
  19  1:33  Spawning Pool  
  19  1:37  Drone  
  19  1:47  Drone  
  20  1:57  Overlord  
  20  2:07  Overlord  
  20  2:21  Baneling Nest  
  20  2:22  Queen x2  
  23  2:23  Zergling x4  
  23  2:26  Drone  
  27  2:37  Drone x2  
  28  2:44  Drone x2  
  30  3:05  Drone x2  
  32  3:07  Hatchery  
  32  3:11  Spore Crawler  
  30  3:13  Spore Crawler  
  30  3:17  Metabolic Boost  
  29  3:28  Baneling  
  29  3:45  Drone  
  29  3:48  Overlord, Drone  
  31  3:49  Overlord  
  31  3:50  Overlord  
  31  3:52  Overlord  
  31  4:02  Drone x5  
  36  4:13  Lair  
  36  4:18  Queen  
  38  4:25  Extractor x2  
  36  4:34  Extractor  
  36  4:38  Roach Warren  
  34  4:39  Evolution Chamber, Drone  
  34  4:41  Drone  
  34  4:43  Evolution Chamber, Drone  
  35  4:50  Drone x2  
  35  4:51  Drone  
  38  5:06  Zerg Missile Weapons Level 1  
  38  5:11  Drone x3  
  38  5:12  Drone x4  
  45  5:44  Zerg Ground Armor Level 1  
  45  5:48  Drone  
  45  5:49  Drone x4  
  50  5:50  Drone x4  
  50  5:51  Hatchery  
  50  5:54  Glial Reconstitution  
  53  6:07  Drone x2  
  53  6:08  Drone x3  
  53  6:09  Drone x2  
  60  6:19  Drone  
  60  6:20  Drone x4  
  60  6:21  Drone  
  60  6:25  Extractor  
  65  6:26  Roach  
  65  6:27  Extractor  
  65  6:30  Centrifical Hooks  
  66  6:38  Overlord x3  
  66  6:44  Drone  
  66  6:45  Drone x2  
  66  6:46  Drone  
  70  6:47  Roach  
  72  7:05  Queen  
  72  7:07  Infestation Pit  
  72  7:08  Hydralisk Den  
  72  7:15  Roach x5  
  82  7:16  Roach x3  
  82  7:17  Drone x2  
  90  7:26  Zerg Missile Weapons Level 2  
  90  7:40  Roach x2  
  90  7:41  Roach x4  
  90  7:42  Roach  
  90  7:43  Overlord x4  
  104  7:56  Zerg Ground Armor Level 2  
  104  8:01  Hive  
  104  8:11  Hydralisk x2, Roach x3  
  104  8:12  Hydralisk x3  
  120  8:15  Overlord  
  120  8:16  Overlord  
  120  8:24  Ravager x3  
  120  8:25  Ravager x3  
  126  8:32  Muscular Augments  
  126  8:50  Hydralisk x6  
  138  9:04  Overseer  
  138  9:09  Hydralisk x2  
  138  9:10  Hydralisk x3  
  138  9:11  Hydralisk  
  150  9:22  Overlord x4  
  150  9:23  Overlord x4  
  150  9:34  Extractor  
  149  9:38  Extractor  
  148  9:46  Zerg Missile Weapons Level 3  
  148  9:54  Hydralisk  
  148  9:55  Hydralisk x7  
  148  9:56  Hydralisk x2  
  168  10:19  Hydralisk x6  
  168  10:20  Hydralisk x3  
  168  10:21  Hydralisk  
  156  10:36  Hydralisk x2  
  156  10:37  Hydralisk x4  
  118  11:02  Grooved Spines  
  118  11:03  Zerg Ground Armor Level 3  
  118  11:13  Hydralisk x5  
  118  11:14  Hydralisk  
  128  11:35  Hydralisk  
  128  11:36  Hydralisk x7  
  128  11:37  Hydralisk  
  136  11:59  Hydralisk x2  
  136  12:00  Hydralisk x6  
  136  12:01  Hydralisk  
  154  12:09  Hydralisk  
  154  12:10  Hydralisk x2  
  160  12:17  Overseer  
  146  12:36  Hydralisk x3  
  144  12:37  Hydralisk x5  
  150  12:48  Hydralisk x5  
  150  12:49  Hydralisk  
  148  13:16  Hydralisk x5  
  148  13:17  Hydralisk x6  
Show
View Real Time Build Order
Export as new Build Order

govnishka Protoss 

Build Orders:  

Get SALT Encoding   

  12  0:01  Probe  
  13  0:14  Probe  
  14  0:24  Pylon  
  14  0:30  Probe  
  14  0:33  Pylon  
  15  0:43  Assimilator  
  15  0:51  Forge  
  15  1:03  Pylon  
  15  1:06  Pylon  
  15  1:08  Probe  
  16  1:20  Probe  
  16  1:23  Assimilator  
  17  1:33  Probe  
  18  1:43  Photon Cannon  
  18  1:48  Photon Cannon  
  18  1:52  Probe  
  19  2:04  Probe  
  19  2:07  Gateway  
  20  2:22  Photon Cannon  
  20  2:42  Photon Cannon  
  20  2:44  Photon Cannon  
  20  3:06  Photon Cannon  
  20  3:08  Photon Cannon  
  20  3:16  Cybernetics Core  
  20  3:24  Pylon  
  20  3:26  Probe (Chrono Boost)  
  21  3:27  Pylon  
  21  3:37  Probe (Chrono Boost)  
  22  3:41  Probe (Chrono Boost)  
  23  3:58  Nexus  
  24  4:02  Probe  
  24  4:15  Probe  
  25  4:22  Shield Battery  
  25  4:24  Shield Battery  
  25  4:27  Probe  
  25  4:29  Shield Battery  
  26  4:32  Photon Cannon  
  26  4:39  Probe (Chrono Boost)  
  27  4:49  Warp Gate (Chrono Boost), Probe (Chrono Boost)  
  28  4:53  Probe (Chrono Boost)  
  28  4:56  Gateway x2  
  29  5:08  Gateway  
  29  5:13  Probe (Chrono Boost)  
  30  5:22  Probe (Chrono Boost)  
  30  5:25  Probe (Chrono Boost)  
  32  5:31  Probe (Chrono Boost)  
  32  5:32  Probe (Chrono Boost)  
  34  5:36  Probe (Chrono Boost)  
  34  5:38  Probe  
  36  5:48  Probe  
  37  5:50  Probe  
  37  5:56  Forge  
  38  5:57  Forge  
  38  6:02  Probe, Robotics Facility  
  38  6:03  Robotics Facility  
  39  6:07  Twilight Council  
  39  6:22  Assimilator  
  39  6:23  Probe  
  40  6:26  Probe  
  40  6:28  Assimilator  
  41  6:35  Probe, Nexus  
  41  6:38  Probe  
  43  6:40  Assimilator  
  43  6:42  Assimilator  
  43  6:45  Pylon  
  43  6:47  Pylon, Probe  
  43  6:50  Pylon, Probe  
  45  7:12  Protoss Ground Weapons Level 1  
  45  7:13  Protoss Ground Armor Level 1, Protoss Shields Level 1  
  45  7:17  Observer x2  
  47  7:24  Probe  
  47  7:26  Probe  
  49  7:36  Probe  
  50  7:38  Gateway, Probe  
  50  7:39  Observer x2  
  50  7:40  Gateway  
  50  7:43  Gateway  
  53  7:46  Gateway  
  53  7:49  Probe  
  53  7:50  Probe  
  55  7:54  Charge  
  55  8:01  Probe (Chrono Boost)  
  55  8:04  Probe (Chrono Boost)  
  57  8:10  Probe (Chrono Boost)  
  58  8:19  Probe (Chrono Boost)  
  61  8:20  Probe x2 (Chrono Boost)  
  61  8:25  Probe (Chrono Boost)  
  62  8:45  Zealot  
  62  8:46  Zealot x6  
  62  8:47  Zealot  
  78  9:18  Nexus  
  78  9:20  Zealot x5  
  78  9:21  Zealot x3  
  94  9:26  Protoss Ground Armor Level 2, Protoss Shields Level 2, Protoss Ground Weapons Level 2  
  94  9:29  Warp Prism  
  94  9:31  Warp Prism  
  96  9:34  Blink  
  97  9:49  Pylon  
  97  9:52  Pylon  
  97  9:54  Pylon  
  97  9:57  Pylon  
  97  10:00  Assimilator  
  97  10:01  Assimilator  
  97  10:07  Zealot x4  
  99  10:08  Zealot x4  
  78  11:14  Zealot x3  
  78  11:15  Zealot x5  
  88  11:35  Resonating Glaives  
  86  11:40  Stalker x7  
  86  11:41  Stalker  
  64  12:07  Cybernetics Core  
  64  12:18  Nexus  
  64  12:21  Pylon  
  64  12:22  Zealot x5  
  72  12:23  Pylon, Zealot x3  
  72  12:24  Pylon  
  72  12:26  Pylon  
  80  12:31  Pylon  
  80  12:34  Assimilator  
  80  12:36  Assimilator  
  80  12:42  Photon Cannon  
  80  12:46  Photon Cannon  
  80  12:48  Photon Cannon  
  80  12:51  Photon Cannon  
  80  12:55  Photon Cannon  
  80  12:56  Photon Cannon  
  80  12:58  Photon Cannon x2  
  80  13:00  Zealot x4, Photon Cannon  
  80  13:01  Zealot x4, Photon Cannon  
  80  13:03  Photon Cannon  
  80  13:05  Photon Cannon  
  80  13:29  Stalker x4  
  80  13:30  Stalker x4  
Show
View Real Time Build Order
Export as new Build Order

YOUNG Zerg 

Build Orders: Hatch First 

Get SALT Encoding   

  12  0:02  Drone  
  13  0:08  Drone  
  14  0:19  Extractor  
  13  0:21  Extractor  
  13  0:22  Drone x2  
  16  0:30  Overlord  
  16  0:48  Drone  
  16  0:49  Drone  
  18  1:00  Hatchery  
  17  1:05  Drone  
  18  1:14  Spawning Pool  
  17  1:25  Extractor  
  16  1:27  Drone x2  
  18  1:36  Drone  
  19  1:42  Extractor  
  19  1:43  Drone  
  19  1:58  Drone  
  20  2:07  Drone  
  21  2:12  Drone  
  22  2:16  Drone  
  23  2:28  Drone x2  
  25  2:33  Queen  
  25  2:36  Overlord  
  27  2:38  Lair  
  27  2:49  Drone  
  28  2:59  Drone x2  
  28  3:00  Drone x2  
  32  3:09  Evolution Chamber  
  32  3:10  Evolution Chamber  
  32  3:11  Drone  
  31  3:13  Drone  
  31  3:18  Queen  
  34  3:20  Overlord, Drone  
  35  3:31  Drone  
  35  3:32  Overlord  
  36  3:36  Zerg Missile Weapons Level 1  
  36  3:37  Zerg Ground Armor Level 1  
  36  3:43  Drone  
  36  3:44  Drone  
  36  3:46  Drone  
  39  4:01  Drone x2  
  39  4:02  Drone x3  
  44  4:07  Extractor  
  43  4:11  Extractor  
  43  4:17  Hydralisk Den  
  41  4:41  Drone x6  
  41  4:42  Drone  
  48  4:51  Grooved Spines  
  47  5:04  Queen  
  49  5:28  Hydralisk  
  49  5:30  Overlord x3  
  49  5:35  Zerg Ground Armor Level 2, Zerg Missile Weapons Level 2  
  51  5:48  Queen  
  53  6:13  Hydralisk x4  
  53  6:14  Hydralisk x5  
  53  6:17  Hatchery  
  70  6:30  Muscular Augments  
  70  6:46  Hydralisk x3  
  72  6:49  Overlord  
  72  6:50  Overlord x2  
  76  7:14  Drone x2  
  76  7:15  Drone x6  
  83  7:17  Overlord  
  84  7:39  Queen  
  84  7:42  Drone x2  
  84  7:43  Drone  
  89  7:52  Drone  
  89  7:53  Drone x2  
  92  8:06  Drone  
  92  8:07  Drone  
  92  8:11  Extractor  
  93  8:14  Queen  
  93  8:16  Hydralisk x3, Extractor  
  93  8:17  Hydralisk x7  
  93  8:18  Overlord  
  114  8:31  Infestation Pit  
  113  8:46  Hydralisk  
  113  8:47  Hydralisk x3  
  121  8:48  Overlord x2  
  121  8:49  Overlord  
  121  8:52  Overlord x2  
  121  9:17  Hive  
  121  9:39  Hydralisk x5  
  121  9:40  Hydralisk x11  
  121  9:42  Overlord x2  
  121  9:44  Overlord x2  
  153  10:18  Hydralisk  
  153  10:19  Hydralisk x16  
  178  10:44  Hydralisk  
  178  10:45  Hydralisk x3  
  148  11:38  Hydralisk  
  148  11:39  Hydralisk x17  
  144  11:40  Hydralisk x2  
  150  11:53  Hydralisk  
  150  11:54  Hydralisk x7  
  104  12:47  Hydralisk x16  
  104  12:48  Hydralisk x2  
  106  13:15  Hydralisk x3  
  106  13:16  Hydralisk x9  
Tags
 
Add a new tag
Caveats
  • Supply blocks, unpowered buildings, or Contaminate may cause inaccurate times.
  • Supply counts are checked every 10 seconds.